 Dungeon Crawl Stone Soup version 0.23-a0-419-g0174fd8 (webtiles) character file.

18 JeffiDaFish the Grave Robber (level 2, 0/20 HPs)
             Began as a Demonspawn Necromancer on Nov 12, 2018.
             Slain by a jackal (1 damage)
             ... on level 2 of the Dungeon.
             The game lasted 00:02:50 (661 turns).

JeffiDaFish the Grave Robber (DsNe)                  Turns: 661, Time: 00:02:50

Health: 0/20       AC:  2    Str: 11    XL:     2   Next: 51%
Magic:  0/5        EV: 12    Int: 16    God:
Gold:   51         SH:  0    Dex: 13    Spells: 4/5 levels left

rFire    . . .     SeeInvis .   d - +0 dagger
rCold    . . .     Gourm    .   (no shield)
rNeg     . . .     Faith    .   a - +0 robe
rPois    .         Spirit   .   (no helmet)
rElec    .         Reflect  .   (no cloak)
rCorr    .         Harm     .   (no gloves)
MR       .....                  (no boots)
Stlth    +++.......             (no amulet)
HPRegen  0.06/turn              b - +3 ring of strength
MPRegen  0.09/turn              (no ring)

@: no status effects
A: nightstalker 1
a: no special abilities


You were on level 2 of the Dungeon.
You were not hungry.

You visited 1 branch of the dungeon, and saw 2 of its levels.

You collected 51 gold pieces.

Inventory:

Hand Weapons
 d - a +0 dagger (weapon)
Armour
 a - a +0 robe (worn)
Jewellery
 b - a +3 ring of strength (left hand)
Comestibles
 c - 3 rations


   Skills:
 + Level 0.9 Fighting
 - Level 1.7 Dodging
 - Level 1.7 Stealth
 + Level 2.2 Spellcasting
 * Level 4.8 Necromancy


You had 4 spell levels left.
You knew the following spells:

 Your Spells              Type           Power        Failure   Level  Hunger
a - Pain                  Necr           ###.         2%          1    #......

Your spell library contained the following spells:

 Spells                   Type           Power        Failure   Level  Hunger
 Animate Skeleton         Necr           N/A          2%          1    #......
 Vampiric Draining        Necr           ###.......   9%          3    ###....
 Regeneration             Chrm/Necr      #.........   22%         3    ###....
 Animate Dead             Necr           N/A          26%         4    #####..


Dungeon Overview and Level Annotations

Branches:
Dungeon (2/15)

Altars:


Innate Abilities, Weirdness & Mutations

You are slightly more attuned to the shadows.


Message History

The adder is lightly wounded.
The jackal barely misses you. x2; The jackal misses you.
The adder bites you.
* * * LOW HITPOINT WARNING * * *
The adder barely misses you. The adder closely misses you. The adder bites you.
* * * LOW HITPOINT WARNING * * *
The adder bites you but does no damage.
Found a scroll labeled TAAVICH DAOCO.
The jackal misses you.
Found a stone staircase leading down.
Casting: Pain (safe; 2% risk of failure)
Confirm with . or Enter, or press ? or * to list all spells.
Aiming: Pain (safe; 2% risk of failure)
Press: ? - help, Shift-Dir - straight line, f/p - jackal
Aim: a jackal (moderately wounded, chance to defeat MR: 87%)
The jackal writhes in agony!
You kill the jackal!
The adder barely misses you. The jackal bites you.
You die...

#....# ## #.h†.# #.
######.#.#
#####.######......#..
...S.................
#......h..>.########.
#####..#####
########hg.....
#.....@h...####
#...?.#S##....
#.....#.# ####.
#####>..# ##..# #.##
.#


You could see an adder, 2 jackals and a goblin.

Vanquished Creatures
  A ball python (D:1)
  4 bats
  A goblin (D:1)
  3 hobgoblins (D:1)
  2 jackals (D:2)
  3 kobolds (D:1)
  2 frilled lizards
16 creatures vanquished.

Notes
Turn   | Place    | Note
-------+----------+-------------------------------------------
     0 | D:1      | JeffiDaFish the Demonspawn Necromancer began the quest for
                  | the Orb.
     0 | D:1      | Reached XP level 1. HP: 13/13 MP: 3/3
   278 | D:1      | Gained mutation: You are slightly more attuned to the
                  | shadows. [demonic ancestry]
   278 | D:1      | Reached XP level 2. HP: 15/20 MP: 0/5
   658 | D:2      | HP: 1/20 [adder (2)]
   661 | D:2      | Slain by a jackal

Vault maps used:
D:1:      dpeg_arrival_pits, hangedman_glass_teeth, minmay_misc_feat_nine_boxes,
          minmay_misc_feat_columns
D:2:      gammafunk_temple_overflow_elements, kennysheep_path_1, chequers_jeans

Action                   || total
-------------------------++-------
Melee: Dagger            ||     6
 Cast: Pain              ||    25
  Use: Scroll            ||     4
 Stab: Sleeping          ||     1
Armor: Robe              ||     8
Dodge: Dodged            ||    20

Table legend:
 A = Non-vault XP
 B = Vault XP
 C = Vault XP percentage of total XP
 D = Non-vault monster count
 E = Vault monster count
 F = Vault count percentage of total count
                 A         B        C        D         E       F
            +---------+---------+-------+---------+---------+-------
      Total |      27 |       0 |   0.0 |      16 |       0 |   0.0
            +---------+---------+-------+---------+---------+-------
        D:1 |      21 |       0 |   0.0 |      12 |       0 |   0.0
        D:2 |       6 |       0 |   0.0 |       4 |       0 |   0.0
            +---------+---------+-------+---------+---------+-------
